 Dungeon Crawl Stone Soup version 0.31.0-11-ge490571c62 (webtiles) character file.

Game seed: 16989711414444368945

411 SmokeWeed the Trooper (level 6, -13/56 HPs)
             Began as a Hill Orc Monk on Feb 4, 2024.
             Was an Initiate of Beogh.
             Mangled by an ogre
             ... wielding a +0 giant club
              (20 damage)
             ... on level 4 of the Dungeon.
             The game lasted 00:10:49 (3426 turns).

SmokeWeed the Trooper (Hill Orc Monk)               Turns: 3426, Time: 00:10:49

Health: -13/56     AC: 11    Str: 14    XL:     6   Next: 90%
Magic:  0/6        EV: 10    Int: 12    God:    Beogh [......]
Gold:   238        SH:  0    Dex: 11    Spells: 5/5 levels left

rFire   . . .        a - +0 mace (heavy)
rCold   . . .        d - orb {light}
rNeg    + + .        z - +0 scale mail {Will+}
rPois   .            v - +2 helmet
rElec   .            h - +0 cloak
rCorr   +            (no gloves)
SInv    .            (no boots)
Will    +....        t - amulet "Tybabiemp" {Spirit rN++ Dex-2} Stlth
                     i - ring of resist corrosion
HPRegen 0.29/turn    (no ring)
MPRegen 0.10/turn

%: guardian spirit
@: lethally poisoned (-13 -> -18), glowing
A: no striking features
a: Renounce Religion


You were on level 4 of the Dungeon.
You worshipped Beogh.
Beogh was noncommittal.
You visited 2 branches of the dungeon, and saw 6 of its levels.

You collected 238 gold pieces.

Inventory:

Hand Weapons
 a - a +0 heavy mace (weapon)
 w - a +0 flail
 y - a +3 dagger of holy wrath
Missiles
 o - 4 darts of dispersal
 x - 5 poisoned darts
Armour
 c - a +0 chain mail
 d - an orb of light (worn)
 h - a +0 cloak (worn)
 k - a +0 leather armour
 v - a +2 helmet (worn)
 z - a +0 scale mail of willpower (worn)
Jewellery
 i - a ring of resist corrosion (left hand)
 t - the amulet "Tybabiemp" (around neck) {Spirit rN++ Dex-2}
   (You found it on level 2 of the Dungeon)

   [amulet of guardian spirit]

   Spirit:    It causes incoming damage to be divided between your reserves of
   health and magic.
   Dex-2:     It affects your dexterity (-2).
   rN++:      It greatly protects you from negative energy.
 u - a ring of willpower
Wands
 j - a wand of paralysis (1) (quivered)
Scrolls
 b - a scroll of fear {unknown}
 g - a scroll of identify
 m - a scroll of amnesia {unknown}
 s - 2 scrolls of fog
Potions
 e - a potion of berserk rage {unknown}
 f - a potion of might
 l - a potion of curing {unknown}
 n - a potion of attraction {unknown}
 p - a potion of heal wounds {unknown}


   Skills:
 + Level 5.0 Fighting
 + Level 0.5 Short Blades
 + Level 4.2 Maces & Flails
 + Level 1.0 Throwing
 + Level 4.5 Armour
 + Level 3.3 Dodging
 + Level 0.8 Stealth


You had 5 spell levels left.
You didn't know any spells.
Your spell library contained the following spells:

 Spells                   Type           Power      Damage    Failure   Level
 Apportation              Tloc           0%         N/A       78%         1
 Necrotise                Necr           0%         1d4       78%         1
 Sting                    Conj/Alch      0%         1d3       78%         1
 Summon Small Mammal      Summ           0%         N/A       78%         1
 Lesser Beckoning         Tloc           0%         N/A       89%         2
 Gell's Gravitas          Tloc           0%         N/A       98%         3
 Inner Flame              Hex/Fire       0%         N/A       98%         3
 Teleport Other           Tloc           0%         N/A       98%         3
 Irradiate                Conj/Alch      0%         3d11      100%        5
 Ignition                 Fire           0%         3d3       100%        8


Dungeon Overview and Level Annotations

Branches:
Dungeon (5/15)             Temple (1/1) D:4

Altars:
Cheibriados
Dithmenos
Elyvilon
Fedhas
Gozag
Hepliaklqana
Makhleb
Nemelex Xobeh
Okawaru
Qazlal
Sif Muna
Trog
Vehumet
Wu Jian
Xom
Zin
The Shining One

Shops:
D:1 (

Annotations:
Temple 2 transporters


Message History

The javelin pierces through the scorpion.
The scorpion is severely wounded.
The javelin pierces through the ogre.
The ogre is lightly wounded.
You feel sick. The scorpion stings you.
You are more poisoned.
The scorpion poisons you! The scorpion misses you.
The scorpion stings you but does no damage.
Throw: javelin
Press: ? - help, Q - select action, (/) - cycle Shift-Dir - straight line, f/p - ogre
Aim: an ogre, wielding a +0 giant club (lightly wounded, berserk, incited by Gozag, haloed, 93% to hit)
You throw a javelin.
The javelin pierces through the scorpion!
You kill the scorpion!
Beogh accepts your kill.
The javelin pierces through the ogre but does no damage.
The ogre is lightly wounded.
You feel very sick. The ogre barely misses you.
Your Throwing skill increases to level 1!
Aiming: Paralyse
Press: ? - help, Q - select action, (/) - cycle Shift-Dir - straight line, f/p - ogre
Aim: an ogre, wielding a +0 giant club (lightly wounded, berserk, incited by Gozag, haloed, chance to affect: 49%)
The ogre resists with some effort.
You feel sick. The ogre hits you with a +0 giant club!
* * * LOW HITPOINT WARNING * * *
Aiming: Paralyse
Press: ? - help, Q - select action, (/) - cycle Shift-Dir - straight line, f/p - ogre
Aim: an ogre, wielding a +0 giant club (lightly wounded, berserk, incited by Gozag, haloed, chance to affect: 49%)
The ogre resists with some effort.
* * * LOW HITPOINT WARNING * * *
You feel sick. The ogre barely misses you.
Aiming: Paralyse
Press: ? - help, Q - select action, (/) - cycle Shift-Dir - straight line, f/p - ogre
Aim: an ogre, wielding a +0 giant club (lightly wounded, berserk, incited by Gozag, haloed, chance to affect: 49%)
The ogre resists with some effort.
* * * LOW HITPOINT WARNING * * *
You feel sick.
The ogre hits you with a +0 giant club!!
You die...

##### ..(.. ... #######
$.. #.....# #.# #.....#
#O# #..<..# #@# ##..####
. #.# #..####
....##.##########..#...
...................>....
.....##.##########...###
.O.. #.# #..#...# ...
#.# ##....... ## #.#
##...##.## #####
#######.# #..#..#.#.


You could see an ogre (berserk, incited).

Vanquished Creatures
  A scorpion (D:4)
  A bombardier beetle (D:3)
  An orc priest (D:3)
  A gnoll bouda (D:4)
  Jessica (D:3)
  Ijyb (D:3)
  Terence (D:3)
  An iguana (D:5)
  4 gnolls (D:4)
  5 adders
  2 dart slugs
  5 orcs
  9 ball pythons
  3 bats
  8 endoplasms
  2 giant cockroaches
  9 goblins
  7 hobgoblins
  7 jackals
  3 quokkas
  2 frilled lizards (D:3)
  3 kobolds
  2 rats
79 creatures vanquished.

Notes
Turn   | Place    | Note
-------+----------+-------------------------------------------
     0 | D:1      | SmokeWeed the Hill Orc Monk began the quest for the Orb.
     0 | D:1      | Reached XP level 1. HP: 19/19 MP: 1/1
    88 | D:1      | Found a transporter.
   106 | D:1      | Found Oqez's Antique Weapon Emporium.
   109 | D:1      | Found a transporter.
   173 | D:1      | Reached XP level 2. HP: 23/27 MP: 2/2
   316 | D:1      | Reached skill level 4 in Fighting
   402 | D:1      | Reached XP level 3. HP: 33/33 MP: 3/3
  1157 | D:2      | Identified the amulet "Tybabiemp" {Spirit rN++ Dex-2}
  1587 | D:3      | Reached skill level 1 in Armour
  1596 | D:3      | Reached XP level 4. HP: 36/41 MP: 2/4
  1745 | D:3      | Noticed Terence
  1773 | D:3      | Killed Terence
  1892 | D:3      | Reached XP level 5. HP: 47/47 MP: 5/5
  1986 | D:3      | Noticed Ijyb
  2004 | D:3      | Paralysed by Ijyb for 2 turns
  2011 | D:3      | Paralysed by Ijyb for 4 turns
  2021 | D:3      | Paralysed by Ijyb for 2 turns
  2026 | D:3      | Paralysed by Ijyb for 4 turns
  2035 | D:3      | Killed Ijyb
  2138 | D:3      | Found a stormy altar of Qazlal.
  2279 | D:3      | Noticed Jessica
  2288 | D:3      | Killed Jessica
  2289 | D:3      | Reached XP level 6. HP: 22/55 MP: 4/6
  2746 | D:4      | Found a burning altar of Makhleb.
  2767 | D:4      | Found a sparkling altar of Nemelex Xobeh.
  2877 | D:4      | Found a staircase to the Ecumenical Temple.
  2891 | Temple   | Found a transporter.
  2891 | Temple   | Found a transporter.
  2891 | Temple   | Found a transporter.
  2891 | Temple   | Found a transporter.
  2891 | Temple   | Entered the Ecumenical Temple
  2927 | Temple   | Became a worshipper of Gozag Ym Sagoz the Greedy
  2979 | D:4      | Found a bloodstained altar of Trog.
  3008 | D:4      | Fell from the grace of Gozag
  3008 | D:4      | Became a worshipper of Beogh the Brigand
  3053 | D:4      | HP: 2/55 [gnoll/+0 halberd[a gnoll bouda] (6)]
  3060 | D:5      | Entered Level 5 of the Dungeon
  3062 | D:5      | HP: 1/55 [iguana (4)]
  3064 | D:5      | Reached skill level 5 in Fighting
  3424 | D:4      | Reached skill level 1 in Throwing
  3426 | D:4      | Mangled by an ogre

Illustrated notes

Levels and vault maps discovered:
D:1:      mrwooster_arrival_arrow, layout_loops_ring, serial_shops,
          nicolae_shop_drivethru
D:2:      layout_basic, nicolae_houndstooth_variations
D:3:      kennysheep_big_flooded_room, layout_loops_ring,
          mainiacjoe_overflow_alcove_2, uniq_terence, uniq_ijyb, uniq_jessica
D:4:      layout_rooms, mainiacjoe_overflow_boulevard,
          mainiacjoe_overflow_small_starburst, trog_three_pillars_becter,
          minmay_temple_entry_mist
D:5:      layout_rooms, chequers_temple_overflow_minitemple
Temple:   hellmonk_temple_divided_pantheon

Skill      XL: |  1  2  3  4  5  6 |
---------------+-------------------+-----
Fighting       | 4 5 |  5.0
Dodging        | 3 |  3.3
Armour         | 1 2 3 4 |  4.5
Maces & Flails | 4 |  4.2
Throwing       | 1 |  1.0
Short Blades   | |  0.5
Stealth        | |  0.8

Action                     |  1- 3 |  4- 6 || total
---------------------------+-------+-------++-------
  Melee: Mace              |    83 |   159 ||   242
         Dagger            |       |    37 ||    37
         Flail             |       |    11 ||    11
  Throw: Dart              |       |    18 ||    18
         Javelin           |       |     6 ||     6
 Invoke: Convert to Beogh  |       |     1 ||     1
  Evoke: Wand              |       |     4 ||     4
    Use: Potion            |       |     2 ||     2
         Scroll            |       |     8 ||     8
   Stab: Paralysed         |       |     4 ||     4
 Armour: Robe              |     6 |       ||     6
         Leather armour    |    47 |    19 ||    66
         Chain mail        |       |    66 ||    66
         Scale mail        |       |   113 ||   113
  Dodge: Dodged            |    67 |   177 ||   244
